 Dungeon Crawl Stone Soup version 0.28.0-49-g6dfe1f597d (webtiles) character file.

Game seed: 7776687709653645218

36 Exodus22XD the Sneak (level 3, 19/19 HPs)
             Began as a Kobold Enchanter on May 15, 2022.
             Was a Follower of Makhleb.
             Quit the game on level 2 of the Dungeon.
             The game lasted 00:01:06 (1233 turns).

Exodus22XD the Sneak (Kobold Enchanter)             Turns: 1233, Time: 00:01:07

Health: 19/19      AC:  2    Str:  5    XL:     3   Next: 57%
Magic:  15/15      EV: 15    Int: 16    God:    Makhleb [*.....]
Gold:   31         SH:  0    Dex: 17    Spells: 4/6 levels left

rFire   . . .      SeeInvis .   a - +1 dagger
rCold   . . .      Faith    .   (no shield)
rNeg    . . .      Spirit   .   b - +0 robe
rPois   .          Reflect  .   (no helmet)
rElec   .          Harm     .   (no cloak)
rCorr   .          Rampage  .   (no gloves)
Will    .....                   (no boots)
Stlth   ++++......              (no amulet)
HPRegen 0.06/turn               e - ring of magical power
MPRegen 0.14/turn               (no ring)

@: no status effects
A: small, no large weapons, nightstalker 3
a: Renounce Religion


You were on level 2 of the Dungeon.
You worshipped Makhleb.
Makhleb was aware of your devotion.
You visited 1 branch of the dungeon, and saw 2 of its levels.

You collected 31 gold pieces.

Inventory:

Hand Weapons
 a - a +1 dagger (weapon)
Armour
 b - a +0 robe (worn)
Jewellery
 e - a ring of magical power (left hand)
 h - an amulet of faith
Scrolls
 f - a scroll of identify {unknown}
 g - a scroll of torment {unknown}
Potions
 c - a potion of invisibility
 d - a potion of might {unknown}


   Skills:
 - Level 1.3 Short Blades
 - Level 2.4 Dodging
 + Level 6.1 Stealth
 - Level 2.1 Spellcasting
 - Level 3.0 Hexes


You had 4 spell levels left.
You knew the following spells:

 Your Spells              Type           Power      Damage    Failure   Level
a - Ensorcelled Hibernat  Hex/Ice        12%        N/A       17%         2

Your spell library contained the following spells:

 Spells                   Type           Power      Damage    Failure   Level
 Confusing Touch          Hex            11%        N/A       19%         3
 Tukima's Dance           Hex            11%        N/A       19%         3
 Dazzling Flash           Conj/Hex       12%        N/A       32%         3


Dungeon Overview and Level Annotations

Branches:
Dungeon (2/15)

Altars:
Makhleb


Innate Abilities, Weirdness & Mutations

You are small and have problems with some larger weapons.
You are completely attuned to the shadows.


Message History

You kill the giant cockroach!
You see here a giant cockroach corpse.
Key pressed, stopping explore.
No target in view!
Done exploring.
No target in view!
No target in view!
Done exploring.
Done exploring.
No target in view!
Search for what [? for help]? god Can't find anything matching that.
Unknown command.
You see here a +0 ring mail.
There is a stone staircase leading down here.
You climb downwards.
Found a hand axe.
There is a stone staircase leading up here.
You open the door.
A kobold comes into view. It is wielding a +0 dagger.
There is an open door here.
A kobold is nearby!
A kobold is nearby!
The helpless kobold fails to defend itself.
You impale the kobold!!
You kill the kobold!
Things that are here:
a +0 dagger; a kobold corpse No target in view!
No target in view!
Found a faded altar of an unknown god.
No target in view!
h - an amulet of faith No target in view!
There is a faded altar of an unknown god here.
You cannot tell which god this altar belongs to.
Convert to them anyway?
Makhleb accepts your prayer! Makhleb welcomes you!
You can now gain health from killing.
Are you sure you want to abandon this character and quit the game? (Confirm with "yes".)

..### #+#8.8###
#.#...... #....8.8.
#...@...#
+#8.8.8.8# #.
##.............##
#.##..............#
#....♣♣...........#
.....P♣..........##
#..........)..#
##..###'#######
..)...<.....


There were no monsters in sight!

Vanquished Creatures
  A ball python (D:1)
  4 bats (D:1)
  2 endoplasms (D:1)
  3 giant cockroaches (D:1)
  4 goblins (D:1)
  6 hobgoblins (D:1)
  3 kobolds
  3 quokkas (D:1)
  3 rats (D:1)
29 creatures vanquished.

Notes
Turn   | Place    | Note
-------+----------+-------------------------------------------
     0 | D:1      | Exodus22XD the Kobold Enchanter began the quest for the
                  | Orb.
     0 | D:1      | Reached XP level 1. HP: 10/10 MP: 3/3
   207 | D:1      | Reached XP level 2. HP: 15/15 MP: 5/5
   217 | D:1      | Reached skill level 5 in Stealth
   225 | D:1      | Learned a level 2 spell: Ensorcelled Hibernation
   305 | D:1      | Reached XP level 3. HP: 19/19 MP: 6/6
   794 | D:1      | Reached skill level 6 in Stealth
  1224 | D:2      | Found a faded altar of an unknown god.
  1232 | D:2      | Prayed at the altar of an unknown god.
  1232 | D:2      | Became a worshipper of Makhleb the Destroyer
  1232 | D:2      | Reached * piety under Makhleb
  1233 | D:2      | Quit the game

Illustrated notes

Levels and vault maps discovered:
D:1:      amcnicky_arrival_wind_blow, layout_rooms, minivault_25,
          minmay_tetromino_t4
D:2:      layout_basic, ebering_ecumenical_altar_ruins, serial_park_tiny_1

Skill      XL: |  1  2  3 |
---------------+----------+-----
Stealth        | 5 6 |  6.1
Short Blades   | |  1.3
Dodging        | |  2.4
Spellcasting   | |  2.1
Hexes          | |  3.0

Action                   || total
-------------------------++-------
Melee: Dagger            ||    71
       Punch             ||     1
 Cast: Ensorcelled Hiber ||     2
 Stab: Sleeping          ||    21
Armor: Robe              ||    21
Dodge: Dodged            ||    73
